 Dungeon Crawl Stone Soup version 0.24.0-123-gd5b16e6ec5 (webtiles) character file.

Game seed: 7767730366839599352, levelgen mode: deterministic

71078 FessEmpty the Eclecticist (level 15, -3/115 HPs)
             Began as a Gnoll Wanderer on Dec 30, 2019.
             Was the Champion of Okawaru.
             Killed from afar by a swamp dragon (13 damage)
             ... with a blast of poison
             ... on level 4 of the Swamp.
             The game lasted 02:01:42 (18153 turns).

FessEmpty the Eclecticist (Gnoll Wanderer)         Turns: 18153, Time: 02:01:43

Health: -3/115     AC: 11    Str: 14    XL:     15   Next: 35%
Magic:  0/34       EV: 27    Int: 24    God:    Okawaru [******]
Gold:   1117       SH:  0    Dex: 17    Spells: 5/45 levels left

rFire    + + .     SeeInvis .   P - +1 dagger (chaos)
rCold    + . .     Gourm    .   (no shield)
rNeg     + . .     Faith    .   a - +1 robe {rC+ rF+}
rPois    .         Spirit   +   X - +1 hat
rElec    .         Reflect  .   G - +2 cloak "Azozab" {rF+ rN+ Int+5}
rCorr    .         Harm     .   S - +0 pair of gloves
MR       +....                  k - +0 pair of boots
Stlth    +.........             t - amulet of guardian spirit
HPRegen  0.29/turn              I - ring of wizardry
MPRegen  0.24/turn              Z - ring of Phasing {EV+8}

@: confused, lethally poisoned (-3 -> -11), about to teleport, very slow
A: distributed training, fangs 1, strong nose
a: Heroism, Finesse, Renounce Religion


You were on level 4 of the Swamp.
You worshipped Okawaru.
Okawaru was exalted by your worship.
You were near starving.

You visited 3 branches of the dungeon, and saw 21 of its levels.

You collected 1117 gold pieces.

Inventory:

Hand Weapons
 j - the +7 hand crossbow "Newtbane" {elec, *Slow rElec rC+}
   (Okawaru gifted it to you on level 1 of the Lair of Beasts)

   It charges the ammunition it shoots with electricity; occasionally upon a
   hit, such missiles may discharge and cause terrible harm.
   It protects you from cold.
   It insulates you from electricity.
   It may slow you when you take damage.
 P - a +1 dagger of chaos (weapon)
 V - the +8 great sword of Dung {flame, *Rage rElec rPois Int+9}
   (You found it on level 1 of the Swamp)

   It has been specially enchanted to burn those struck by it, causing extra
   injury to most foes and up to half again as much damage against particularly
   susceptible opponents.
   Big, fiery blades are also staple armaments of hydra-hunters.
   It affects your intelligence (+9).
   It insulates you from electricity.
   It protects you from poison.
   It may make you go berserk in combat.
Missiles
 y - 41 bolts
 W - 62 arrows
Armour
 a - a +1 robe of resistance (worn)
 k - a +0 pair of boots (worn)
 x - the +1 cloak of Starlight {rElec rC+ EV+4 Stlth--}
   (You found it on level 1 of the Lair of Beasts)

   It affects your evasion (+4).
   It protects you from cold.
   It insulates you from electricity.
   It makes you much less stealthy.
 G - the +2 cloak "Azozab" (worn) {rF+ rN+ Int+5}
   (Okawaru gifted it to you on level 2 of the Swamp)

   It affects your intelligence (+5).
   It protects you from fire.
   It protects you from negative energy.
 R - a +2 shield of fire resistance
 S - a +0 pair of gloves (worn)
 X - a +1 hat (worn)
Magical Staves
 D - an uncursed staff of air
Jewellery
 b - an uncursed amulet of regeneration
 t - an amulet of guardian spirit (around neck)
 I - a ring of wizardry (left hand)
 J - an uncursed ring of ice
 N - an uncursed amulet of the acrobat
 Z - the ring of Phasing (right hand) {EV+8}
   (You found it on level 5 of the Lair of Beasts)

   [ring of evasion]

   It affects your evasion (+8).
Wands
 B - a wand of enslavement (6)
 E - a wand of digging (7)
 H - a wand of clouds (9)
 K - a wand of polymorph (13)
 O - a wand of flame (32)
 T - a wand of paralysis (18)
Scrolls
 c - 8 scrolls of remove curse
 h - 5 scrolls of teleportation
 n - a scroll of amnesia {unknown}
 q - a scroll of silence {unknown}
 u - 5 scrolls of enchant armour
 z - a scroll of fog
 A - 2 scrolls of magic mapping {unknown}
 C - a scroll of blinking {unknown}
 L - 2 scrolls of enchant weapon
 M - a scroll of noise {unknown}
Potions
 d - 3 potions of heal wounds {unknown}
 e - a potion of agility {unknown}
 g - 3 potions of resistance {unknown}
 i - 8 potions of curing
 m - 4 potions of might {unknown}
 p - 8 potions of degeneration {unknown}
 r - 6 potions of ambrosia {unknown}
 s - 6 potions of flight {unknown}
 v - 5 potions of mutation {unknown}
 w - 6 potions of brilliance
 Q - 2 potions of cancellation {unknown}
 U - 2 potions of haste {unknown}
 Y - 2 potions of invisibility {unknown}
Miscellaneous
 l - a lightning rod (4/4)
 F - a lamp of fire
Comestibles
 f - 44 rations


   Skills:
 + Level 9.8 Fighting
 + Level 9.8 Short Blades
 + Level 9.8 Long Blades
 + Level 9.8 Axes
 + Level 9.8 Maces & Flails
 + Level 9.8 Polearms
 + Level 9.8 Staves
 + Level 9.8 Slings
 + Level 9.8 Bows
 + Level 9.8 Crossbows
 + Level 9.8 Throwing
 + Level 9.8 Armour
 + Level 9.8 Dodging
 + Level 10.6 Stealth
 + Level 9.8 Shields
 + Level 9.8 Unarmed Combat
 + Level 15.5 Spellcasting
 + Level 8.6 Conjurations
 + Level 8.2 Hexes
 + Level 8.2 Charms
 + Level 8.2 Summonings
 + Level 8.2 Necromancy
 + Level 8.2 Translocations
 + Level 8.2 Transmutations
 + Level 8.2 Fire Magic
 + Level 8.6 Ice Magic
 + Level 8.2 Air Magic
 + Level 8.2 Earth Magic
 + Level 8.2 Poison Magic
 + Level 10.6 Invocations
 + Level 9.8 Evocations


You had 5 spell levels left.
You knew the following spells:

 Your Spells              Type           Power        Failure   Level  Hunger
a - Flame Tongue          Conj/Fire      #####        1%          1    None
b - Shock                 Conj/Air       ####         1%          1    None
c - Mephitic Cloud        Conj/Pois/Air  ######..     1%          3    None
d - Blink                 Tloc           N/A          1%          2    None
e - Slow                  Hex            ######..     1%          2    None
f - Conjure Flame         Conj/Fire      ######..     1%          3    None
g - Regeneration          Chrm/Necr      ######....   1%          3    None
h - Vampiric Draining     Necr           ######....   1%          3    None
i - Olgreb's Toxic Radia  Pois           ######..     1%          4    None
j - Ignite Poison         Fire/Tmut/Pois ######..     1%          3    None
k - Venom Bolt            Conj/Pois      ######....   1%          5    ##.....
l - Summon Mana Viper     Hex/Summ       ######..     1%          5    ##.....
m - Summon Demon          Summ           ######....   1%          5    ##.....

Your spell library contained the following spells:

 Spells                   Type           Power        Failure   Level  Hunger
 Animate Skeleton         Necr           N/A          1%          1    None
 Magic Dart               Conj           ####         1%          1    None
 Pain                     Necr           ####         1%          1    None
 Sting                    Conj/Pois      ####         1%          1    None
 Call Imp                 Summ           ######..     1%          2    None
 Poisonous Vapours        Pois/Air       ######       1%          2    None
 Recall                   Summ/Tloc      N/A          1%          3    None
 Animate Dead             Necr           N/A          1%          4    None
 Aura of Abjuration       Summ           ######....   1%          5    ##.....
 Summon Forest            Summ/Tloc      ######....   1%          5    ##.....
 Shadow Creatures         Summ           N/A          6%          6    ####...


Dungeon Overview and Level Annotations

Branches:
Dungeon (11/15)            Temple (0/1) D:4            Lair (6/6) D:8
  Swamp (4/4) Lair:4       Spider (0/4) Lair:2        Slime (0/5) Lair:5
    Orc: D:9-12

Altars:
Ashenzari
Cheibriados
Dithmenos
Fedhas
Kikubaaqudgha
Makhleb
Okawaru
Qazlal
Ru
Wu Jian
Xom
Yredelemnul
The Shining One

Shops:
D:6 %   D:8 *

Portals:
Trove: D:10 (give +6 ice dragon scales)

Annotations:
Lair:6 exclusion: 2 oklob plants


Innate Abilities, Weirdness & Mutations

Your experience applies equally to all skills.
You have very sharp teeth.
Your uncanny sense of smell can sniff out nearby items.


Message History

You start resting.
Your skin is crawling a little less now.
Your skin stops crawling.
Casting: Regeneration (safe; 1% risk of failure)
Confirm with . or Enter, or press ? or * to list all spells.
Your skin crawls.
You start resting.
HP restored.
You climb downwards.
A swamp drake and 2 swamp dragons come into view.
You stumble into a teleport trap!
You are suddenly yanked towards some nearby monsters!
Your surroundings suddenly seem different.
The swamp drake moves out of view.
The swamp dragon moves out of view. x2 2 swamp dragons come into view.
The +8 great sword of Dung {flame, *Rage rElec rPois Int+9} stops flaming.
Your +1 dagger of chaos is briefly surrounded by a scintillating aura of random colours.
P - a +1 dagger of chaos (weapon)
The helpless swamp dragon fails to defend itself.
You stick the swamp dragon like a pincushion!!!!
You kill the swamp dragon!
Okawaru accepts your kill.
You hear a splash.
The swamp dragon scales are intact enough to wear.
A swamp dragon and a bog body come into view.
The helpless swamp dragon fails to defend itself.
You skewer the swamp dragon like a kebab!!!!
Lightning courses through the swamp dragon!
You kill the swamp dragon!
Okawaru accepts your kill.
The bog body enters a dispersal trap!
The swamp dragon blinks!
You blink.
Splash!
You fall into the shallow water.
Moving in this stuff is going to be slow.
The bog body blinks!
The swamp dragon roars deafeningly!
A swamp dragon comes into view.
The swamp dragon roars deafeningly!
The swamp drake roars!
The swamp dragon roars deafeningly!
You hear a roar! x2; You hear a deafening roar!
You hear a roar! x4
You hear a shout! x2; You hear a roar!
The swamp drake breathes noxious fumes at you.
The swamp dragon breathes poison at you.
The blast of poison misses you.
You hear a deafening roar!
You hear a roar! x2
As you read the scroll of teleportation, it crumbles to dust.
You feel strangely unstable.
You are engulfed in poison gas.
You are poisoned.
You feel sick.
You hear a shout!
You are engulfed in poison gas.
You are more poisoned.
You feel very sick.
The bog body points at you and mumbles some strange words.
The bolt of cold misses you.
A swamp dragon comes into view.
The swamp dragon breathes poison at you.
The blast of poison engulfs you!
You are more poisoned.
You enter the shallow water.
Moving in this stuff is going to be slow.
You feel very sick.
The swamp dragon breathes poison at you.
The blast of poison misses you.
You hear a roar! x2; You hear a deafening roar!
You are engulfed in poison gas.
You are more poisoned.
You feel very sick.
The swamp dragon breathes poison at you.
The blast of poison engulfs you!
You are more poisoned.
You hear a roar!
The swamp dragon roars deafeningly!
You feel better.
You are engulfed in poison gas.
You are poisoned.
Your surroundings suddenly seem different.
You feel sick.
An alligator comes into view.
A four-headed hydra comes into view.
A swamp worm comes into view.
Casting: Regeneration (safe; 1% risk of failure)
Confirm with . or Enter, or press ? or * to list all spells.
You open a gate to Pandemonium!
A demon appears!
You feel sick.
The swamp worm barely misses your sixfirhy.
Casting: Summon Demon (safe; 1% risk of failure)
Confirm with . or Enter, or press ? or * to list all spells.
You open a gate to Pandemonium!
A demon appears!
You feel sick. The swamp worm bites your sixfirhy! The alligator bites you!
The alligator tail-slaps you!
A tyrant leech comes into view.
A blink frog comes into view.
Okay, then.
Casting: Summon Demon (safe; 1% risk of failure)
Confirm with . or Enter, or press ? or * to list all spells.
You blink.
You feel sick. The swamp worm bites your sixfirhy.
A blink frog comes into view.
Your hellwing hits the alligator! x2
Your skin is crawling a little less now.
You feel sick.
Your sixfirhy closely misses the swamp worm.
Your sixfirhy hits the swamp worm!
Your sixfirhy shocks the swamp worm!
Your sixfirhy hits the swamp worm.
Your sixfirhy shocks the swamp worm!
The swamp worm dies!
Okawaru accepts your kill.
The blink frog blinks!
The alligator puts on a burst of speed!
Your hellwing hits the alligator! Your hellwing hits the alligator.
The four-headed hydra misses you. x2
The four-headed hydra bites you but does no damage.
The four-headed hydra barely misses you.
You feel sick. The alligator completely misses you.
The alligator tail-slaps you.
Your hellwing hits the alligator. x2
As you read the scroll of teleportation, it crumbles to dust.
You feel strangely unstable.
You feel sick.
A blink frog comes into view.
The blink frog closely misses your sixfirhy.
The alligator closely misses you. The alligator tail-slaps you!
The tyrant leech completely misses you.
The alligator bites you but does no damage.
The alligator closely misses you.
Your hellwing hits the alligator!
Your hellwing barely misses the alligator.
You closely miss the blink frog.
The blink frog closely misses your sixfirhy.
The four-headed hydra completely misses you.
The four-headed hydra bites you.
The four-headed hydra barely misses you.
The four-headed hydra bites you!
* * * LOW HITPOINT WARNING * * *
The blink frog blinks!
A bog body comes into view.
You feel sick.
The blink frog closely misses your hellwing.
The alligator completely misses you. The alligator misses you.
The swamp dragon bites your sixfirhy but does no damage.
The swamp dragon misses your sixfirhy.
The swamp dragon closely misses your sixfirhy.
The blink frog barely misses your hellwing.
The blink frog closely misses your hellwing.
A swamp worm comes into view.
Your surroundings suddenly seem different.
Splash!
You fall into the shallow water.
Moving in this stuff is going to be slow.
You feel sick.
The swamp dragon roars deafeningly!
An eight-headed hydra comes into view.
The eight-headed hydra roars!
You hear a roar!
A swamp dragon comes into view.
The swamp dragon roars deafeningly!
You hear a roar!
A four-headed hydra comes into view.
A spriggan berserker comes into view. It is wielding a +0 quarterstaff.
A seven-headed hydra comes into view.
A four-headed hydra comes into view.
The swamp dragon misses you. The swamp dragon closely misses you.
The swamp dragon tramples you but does no damage.
The swamp worm moves out of view.
The swamp dragon moves out of view.
You hear a roar! x2
As you read the scroll of teleportation, it crumbles to dust.
You feel strangely unstable.
Your skin stops crawling.
The swamp dragon roars deafeningly!
The four-headed hydra roars!
You hear a roar!
You hear a shout!
You hear a roar!
A swamp drake comes into view.
The swamp dragon misses you. The swamp dragon barely misses you.
The swamp dragon misses you.
You feel better.
The swamp drake breathes noxious fumes at you.
The noxious blast engulfs the swamp dragon but does no damage.
The spriggan berserker is engulfed in noxious fumes.
The spriggan berserker appears confused.
The spriggan berserker laughs at nothing.
The eight-headed hydra misses you.
The eight-headed hydra completely misses you. x2
The eight-headed hydra bites you!
* * * LOW HITPOINT WARNING * * *
The eight-headed hydra completely misses you.
The eight-headed hydra bites you!
* * * LOW HITPOINT WARNING * * *
The eight-headed hydra bites you.
* * * LOW HITPOINT WARNING * * *
The eight-headed hydra barely misses you.
The swamp dragon completely misses you. The swamp dragon misses you.
The swamp dragon tramples you.
* * * LOW HITPOINT WARNING * * *
You hold your ground!
A spriggan rider comes into view. It is wielding a +0 spear.
You feel better.
You are engulfed in noxious fumes.
You choke on the stench!
You are confused.
The swamp dragon breathes poison at you.
The blast of poison engulfs you.
You are poisoned.
* * * LOW HITPOINT WARNING * * *
The spriggan berserker is engulfed in noxious fumes.
The spriggan berserker hits the swamp dragon with a +0 quarterstaff!!
The eight-headed hydra bites you.
* * * LOW HITPOINT WARNING * * *
The eight-headed hydra closely misses you.
The eight-headed hydra bites you.
* * * LOW HITPOINT WARNING * * *
The eight-headed hydra misses you.
The eight-headed hydra completely misses you. x2
The eight-headed hydra barely misses you.
The eight-headed hydra misses you.
The swamp dragon breathes poison at you.
The blast of poison engulfs you!
You are more poisoned.
You die...

. ≈...≈≈.. ##
♣≈)≈≈≈≈≈ ##.≈
♣..≈≈.≈≈ #§≈ ∆
♣♣.≈.≈≈≈ #.≈ ∆
♣.§§≈§. #≈#####
∆ ♣♣♣♣..≈≈≈.
##≈§iDD##
♣≈≈.≈≈≈≈≈.
♣≈..k≈Di##
♣♣≈≈.≈≈≈≈≈≈
#≈.^○###D@#
♣≈≈≈≈≈≈≈...
#.°### ##DD#
♣≈≈≈<.≈≈..! #≈≈
##DD#
♣.....≈≈... #♣≈
Dnk○.)....♣♣≈≈.♣
≈♣ ∆ .≈≈≈≈≈.≈.≈.
♣♣♣ ≈ ∆
≈≈..≈..≈≈.♣ #.
.≈###♣≈$♣♣♣ ≈##
♣♣♣


You could see an eight-headed hydra, a seven-headed hydra, 2 four-headed hydras,
5 swamp dragons, a spriggan rider, a spriggan berserker (confused), a bog body
and 2 swamp drakes.

Vanquished Creatures
  Jorgrun (Swamp:3)
  2 thorn hunters (Swamp:2)
  Kirke (Lair:4)
  Harold (D:7)
  11 hydras
  A ghost crab (Swamp:2)
  Erica (D:8)
  A two-headed ogre (D:9)
  3 merfolk avatars (Swamp:1)
  16 alligators
  A shambling mangrove (Swamp:2)
  6 death yaks
  Sonja (Lair:2)
  2 swamp dragons (Swamp:4)
  Pikel (D:8)
  2 ugly things (Swamp:1)
  4 black mambas
  Psyche (D:8)
  13 spiny frogs
  A centaur skeleton (D:10)
  A gargoyle (D:10)
  2 rime drakes (Lair:5)
  6 komodo dragons
  A troll (D:10)
  A polar bear (Lair:5)
  Grinder (D:5)
  2 hornets (Swamp:2)
  5 bog bodies
  13 blink frogs
  13 tyrant leeches
  7 hippogriffs
  5 slime creatures (Swamp:2)
  4 dream sheep (Lair:6)
  Sigmund (D:4)
  A redback (Lair:2)
  2 shadows
  A spriggan (Swamp:2)
  30 yaks
  A wraith (D:9)
  A basilisk (Lair:4)
  5 hogs
  2 hungry ghosts (D:9)
  2 wyverns
  Eustachio (D:6)
  7 vampire mosquitoes
  Edmund (D:6)
  9 insubstantial wisps
  7 swamp worms
  7 water moccasins
  Duvessa (D:7)
  2 porcupines (Lair:5)
  2 orc warriors
  2 sky beasts
  An eye of draining (D:9)
  2 phantoms
  2 ogres (D:6)
  4 centaurs
  An ice beast (D:8)
  25 wolves
  11 crocodiles
  8 bullfrogs
  2 big kobolds
  9 scorpions
  Dowan (D:7)
  3 wights (D:8)
  9 howler monkeys
  A bullfrog zombie (D:11)
  4 crimson imps
  2 orc priests
  2 bullfrog skeletons
  3 hounds
  A gnoll shaman (D:4)
  Crazy Yiuf (D:2)
  4 jellies
  4 orc wizards
  An iron imp (D:6)
  4 iguanas
  8 worker ants
  A hound skeleton (D:10)
  8 gnolls
  16 adders
  A shadow imp (D:6)
  5 oozes
  An adder zombie (D:9)
  An adder skeleton (D:7)
  2 worms
  A dart slug (D:3)
  8 leopard geckos
  30 orcs
  11 bats
  3 giant cockroaches
  3 goblins
  6 hobgoblins
  10 jackals
  7 kobolds
  3 quokkas
  A ball python skeleton (D:4)
  4 frilled lizards
  A jackal skeleton (D:4)
  A jackal zombie (D:5)
  A leopard gecko skeleton (D:6)
  2 quokka skeletons
  5 rats
  A fungus (D:4)
462 creatures vanquished.

Vanquished Creatures (collateral kills)
  An alligator (Swamp:1)
  A spiny frog (Swamp:1)
  2 tyrant leeches
  3 hornets (Swamp:1)
  A bog body (Swamp:2)
  A slime creature (Swamp:2)
  4 vampire mosquitoes
  2 insubstantial wisps (Swamp:1)
  3 swamp worms
  4 swamp drakes
  A leopard gecko (D:8)
  A briar patch (Swamp:2)
24 creatures vanquished.

Vanquished Creatures (others)
  An ugly thing (Swamp:1)
  2 slaves (D:8)
  A briar patch (Swamp:2)
  7 fungi
  10 plants
21 creatures vanquished.

Grand Total: 507 creatures vanquished

Notes
Turn   | Place    | Note
-------+----------+-------------------------------------------
     0 | D:1      | Reached skill level 12 in Spellcasting
     0 | D:1      | FessEmpty the Gnoll Wanderer began the quest for the Orb.
     0 | D:1      | FessEmpty set off with the following items: a +2 dagger, a
                  | scroll of fear, a +0 robe, a ration; and the following
                  | spells available to memorise: Flame Tongue, Shock, Mephitic
                  | Cloud, Ignite Poison
     0 | D:1      | Reached XP level 1. HP: 13/13 MP: 14/14
     2 | D:1      | Learned a level 1 spell: Flame Tongue
     4 | D:1      | Learned a level 1 spell: Shock
   203 | D:1      | Reached XP level 2. HP: 19/19 MP: 12/15
   212 | D:1      | Found a shattered altar of Ashenzari.
   466 | D:1      | Reached XP level 3. HP: 25/25 MP: 13/17
   900 | D:2      | Learned a level 3 spell: Mephitic Cloud
   907 | D:2      | Reached skill level 1 in Invocations
   913 | D:2      | Found an iron altar of Okawaru.
   985 | D:2      | Became a worshipper of Warmaster Okawaru
  1097 | D:2      | Found a basalt altar of Yredelemnul.
  1099 | D:2      | Noticed a profane servitor
  1101 | D:2      | Reached skill level 1 in Fighting
  1101 | D:2      | Reached skill level 1 in Short Blades
  1101 | D:2      | Reached skill level 1 in Long Blades
  1101 | D:2      | Reached skill level 1 in Axes
  1101 | D:2      | Reached skill level 1 in Maces & Flails
  1101 | D:2      | Reached skill level 1 in Polearms
  1101 | D:2      | Reached skill level 1 in Staves
  1101 | D:2      | Reached skill level 1 in Slings
  1101 | D:2      | Reached skill level 1 in Bows
  1101 | D:2      | Reached skill level 1 in Crossbows
  1101 | D:2      | Reached skill level 1 in Throwing
  1101 | D:2      | Reached skill level 1 in Armour
  1101 | D:2      | Reached skill level 1 in Dodging
  1101 | D:2      | Reached skill level 1 in Shields
  1101 | D:2      | Reached skill level 1 in Unarmed Combat
  1101 | D:2      | Reached skill level 1 in Evocations
  1106 | D:2      | Found a glowing golden altar of the Shining One.
  1108 | D:2      | Noticed an angel
  1187 | D:2      | Found a runed translucent door.
  1188 | D:2      | Noticed Crazy Yiuf
  1345 | D:2      | Killed Crazy Yiuf
  1345 | D:2      | Reached skill level 13 in Spellcasting
  1345 | D:2      | Reached XP level 4. HP: 26/32 MP: 15/19
  1386 | D:3      | Reached skill level 1 in Hexes
  1386 | D:3      | Reached skill level 1 in Charms
  1386 | D:3      | Reached skill level 1 in Summonings
  1386 | D:3      | Reached skill level 1 in Necromancy
  1386 | D:3      | Reached skill level 1 in Translocations
  1386 | D:3      | Reached skill level 1 in Transmutations
  1386 | D:3      | Reached skill level 1 in Fire Magic
  1386 | D:3      | Reached skill level 1 in Air Magic
  1386 | D:3      | Reached skill level 1 in Earth Magic
  1386 | D:3      | Reached skill level 1 in Poison Magic
  1567 | D:3      | Reached XP level 5. HP: 37/37 MP: 16/20
  1881 | D:4      | Noticed Sigmund
  1913 | D:3      | Reached * piety under Okawaru
  2176 | D:3      | Reached XP level 6. HP: 22/44 MP: 18/22
  2628 | D:4      | Found a staircase to the Ecumenical Temple.
  2807 | D:4      | Killed Sigmund
  2807 | D:4      | Reached ** piety under Okawaru
  2807 | D:4      | Reached XP level 7. HP: 46/50 MP: 20/23
  2847 | D:4      | Found an ornate altar of the Wu Jian Council.
  3013 | D:4      | Found a blossoming altar of Fedhas.
  3048 | D:4      | Found a shadowy altar of Dithmenos.
  3062 | D:4      | Reached skill level 5 in Stealth
  3126 | D:4      | Reached *** piety under Okawaru
  3126 | D:4      | Reached XP level 8. HP: 44/57 MP: 25/25
  3558 | D:5      | Entered Level 5 of the Dungeon
  3979 | D:5      | Noticed Grinder
  3994 | D:5      | Killed Grinder
  4336 | D:6      | Reached **** piety under Okawaru
  4425 | D:6      | Noticed Eustachio
  4436 | D:6      | Killed Eustachio
  4436 | D:6      | Reached XP level 9. HP: 48/65 MP: 19/26
  4617 | D:6      | Found a snail-covered altar of Cheibriados.
  4647 | D:6      | Found an ancient bone altar of Kikubaaqudgha.
  4871 | D:6      | Noticed Edmund
  5355 | D:6      | Killed Edmund
  5588 | D:6      | Found Buboimeo's Food Boutique.
  5835 | D:7      | Found a shattered altar of Ashenzari.
  5969 | D:7      | Noticed Dowan
  5970 | D:7      | Noticed Duvessa
  5979 | D:7      | Killed Dowan
  5986 | D:7      | Killed Duvessa
  6098 | D:7      | Noticed Harold
  6136 | D:7      | Killed Harold
  6136 | D:7      | Reached ***** piety under Okawaru
  6136 | D:7      | Received a gift from Okawaru
  6136 | D:7      | Reached skill level 5 in Invocations
  6136 | D:7      | Reached XP level 10. HP: 58/73 MP: 17/27
  6384 | D:8      | Noticed Erica
  6403 | D:8      | Killed Erica
  6403 | D:8      | Reached skill level 5 in Fighting
  6403 | D:8      | Reached skill level 5 in Short Blades
  6403 | D:8      | Reached skill level 5 in Long Blades
  6403 | D:8      | Reached skill level 5 in Axes
  6403 | D:8      | Reached skill level 5 in Maces & Flails
  6403 | D:8      | Reached skill level 5 in Polearms
  6403 | D:8      | Reached skill level 5 in Staves
  6403 | D:8      | Reached skill level 5 in Slings
  6403 | D:8      | Reached skill level 5 in Bows
  6403 | D:8      | Reached skill level 5 in Crossbows
  6403 | D:8      | Reached skill level 5 in Throwing
  6403 | D:8      | Reached skill level 5 in Armour
  6403 | D:8      | Reached skill level 5 in Dodging
  6403 | D:8      | Reached skill level 5 in Shields
  6403 | D:8      | Reached skill level 5 in Unarmed Combat
  6403 | D:8      | Reached skill level 5 in Evocations
  6419 | D:8      | Found Rexev's General Store.
  6467 | D:8      | Noticed Pikel
  6474 | D:8      | Killed Pikel
  6474 | D:8      | Received a gift from Okawaru
  6539 | D:8      | Noticed a death yak
  6539 | D:8      | Noticed Psyche
  6542 | D:8      | Noticed a death yak
  6551 | D:8      | Noticed a death yak
  6557 | D:8      | Noticed a death yak
  6558 | D:8      | Killed a death yak
  6558 | D:8      | Reached skill level 5 in Conjurations
  6558 | D:8      | Reached skill level 5 in Ice Magic
  6560 | D:8      | Noticed a death yak
  6569 | D:8      | Killed Psyche
  6580 | D:8      | Noticed a death yak
  6856 | D:6      | Learned a level 2 spell: Blink
  6859 | D:6      | Learned a level 2 spell: Slow
  6863 | D:6      | Learned a level 3 spell: Conjure Flame
  6909 | D:7      | Killed a death yak
  7356 | D:8      | Reached XP level 11. HP: 79/81 MP: 21/28
  7375 | D:8      | Found a staircase to the Lair.
  7507 | D:8      | Received a gift from Okawaru
  7599 | D:8      | Found a stormy altar of Qazlal.
  7750 | D:8      | Reached skill level 14 in Spellcasting
  7972 | D:9      | Found a sacrificial altar of Ru.
  8207 | D:9      | Found a burning altar of Makhleb.
  8207 | D:9      | Found a shimmering altar of Xom.
  8354 | D:10     | Entered Level 10 of the Dungeon
  8435 | D:10     | Noticed a fire dragon
  8440 | D:10     | Noticed a two-headed ogre
  8441 | D:10     | Found a portal to a secret trove of treasure.
  8590 | D:9      | Killed a two-headed ogre
  8590 | D:9      | Reached skill level 5 in Hexes
  8590 | D:9      | Reached skill level 5 in Charms
  8590 | D:9      | Reached skill level 5 in Summonings
  8590 | D:9      | Reached skill level 5 in Necromancy
  8590 | D:9      | Reached skill level 5 in Translocations
  8590 | D:9      | Reached skill level 5 in Transmutations
  8590 | D:9      | Reached skill level 5 in Fire Magic
  8590 | D:9      | Reached skill level 5 in Air Magic
  8590 | D:9      | Reached skill level 5 in Earth Magic
  8590 | D:9      | Reached skill level 5 in Poison Magic
  8857 | D:10     | Received a gift from Okawaru
  8941 | D:11     | Noticed a tengu warrior
  8943 | D:11     | Noticed a manticore
  9044 | Lair:1   | Entered Level 1 of the Lair of Beasts
  9054 | Lair:1   | Noticed a six-headed hydra
  9074 | Lair:1   | Killed an eight-headed hydra
  9203 | Lair:1   | Found the +1 cloak of Starlight {rElec rC+ EV+4 Stlth--}
  9244 | Lair:1   | Noticed a six-headed hydra
  9525 | Lair:1   | Noticed an eight-headed hydra
  9546 | Lair:1   | Killed an eight-headed hydra
  9546 | Lair:1   | Received a gift from Okawaru
  9547 | Lair:1   | Got a slimy hand crossbow {god gift}
  9548 | Lair:1   | Identified the +7 hand crossbow "Newtbane" {elec, *Slow
                  | rElec rC+} (Okawaru gifted it to you on level 1 of the Lair
                  | of Beasts)
  9713 | Lair:1   | Killed a 13-headed hydra
 10139 | Lair:2   | Found a hole to the Spider Nest.
 10369 | Lair:2   | Reached XP level 12. HP: 72/89 MP: 16/30
 10379 | Lair:2   | Learned a level 3 spell: Regeneration
 10383 | Lair:2   | Learned a level 3 spell: Vampiric Draining
 10388 | Lair:2   | Learned a level 4 spell: Olgreb's Toxic Radiance
 10546 | Lair:2   | Learned a level 3 spell: Ignite Poison
 10610 | Lair:2   | Reached ****** piety under Okawaru
 10732 | Lair:2   | Noticed a five-headed hydra
 10756 | Lair:2   | Killed a six-headed hydra
 10756 | Lair:2   | Received a gift from Okawaru
 10920 | Lair:2   | Noticed Sonja
 10923 | Lair:2   | Paralysed by Sonja for 7 turns
 10933 | Lair:2   | Killed Sonja
 11093 | Lair:3   | Noticed a six-headed hydra
 11107 | Lair:3   | Killed a six-headed hydra
 11359 | Lair:3   | Received a gift from Okawaru
 11731 | Lair:3   | Received a gift from Okawaru
 11831 | Lair:4   | Noticed Kirke
 11856 | Lair:3   | Reached XP level 13. HP: 52/98 MP: 0/31
 12136 | Lair:4   | Killed Kirke
 12253 | Lair:4   | Found a staircase to the Swamp.
 12335 | Lair:4   | Learned a level 5 spell: Venom Bolt
 12341 | Lair:4   | Learned a level 5 spell: Summon Mana Viper
 12347 | Lair:4   | Learned a level 5 spell: Summon Demon
 12787 | Lair:5   | Got a transparent plate armour
 12868 | Lair:5   | Identified the +1 plate armour of the Apprentice {Regen+
                  | rCorr Str+7 Int-3} (You found it on level 5 of the Lair of
                  | Beasts)
 12987 | Lair:5   | Found a staircase to the Slime Pits.
 13371 | Lair:5   | Found the ring of Phasing {EV+8}
 13406 | Lair:5   | Received a gift from Okawaru
 13659 | Lair:6   | Entered Level 6 of the Lair of Beasts
 14272 | Lair:6   | Reached skill level 15 in Spellcasting
 14274 | Lair:6   | Reached XP level 14. HP: 100/106 MP: 18/33
 14662 | Swamp:1  | Entered Level 1 of the Swamp
 14994 | Swamp:1  | Received a gift from Okawaru
 15507 | Swamp:1  | Got a scorched great sword
 15529 | Swamp:1  | Reached skill level 10 in Stealth
 15607 | Swamp:1  | Identified the +8 great sword of Dung {flame, *Rage rElec
                  | rPois Int+9} (You found it on level 1 of the Swamp)
 15779 | Swamp:2  | Noticed a thorn hunter
 15791 | Swamp:2  | Reached skill level 10 in Invocations
 15806 | Swamp:2  | Killed a thorn hunter
 15888 | Swamp:2  | Noticed a thorn hunter
 16311 | Swamp:2  | Received a gift from Okawaru
 16312 | Swamp:2  | Got a warped cloak {god gift}
 16323 | Swamp:2  | Identified the +2 cloak "Azozab" {rF+ rN+ Int+5} (Okawaru
                  | gifted it to you on level 2 of the Swamp)
 16850 | Swamp:3  | Noticed Jorgrun
 17012 | Swamp:3  | Reached XP level 15. HP: 114/114 MP: 30/34
 17016 | Swamp:3  | Killed Jorgrun
 17424 | Swamp:2  | Killed a thorn hunter
 17865 | Swamp:4  | Entered Level 4 of the Swamp
 17973 | Swamp:3  | Received a gift from Okawaru
 17983 | Swamp:4  | Received a gift from Okawaru
 18153 | Swamp:4  | Killed from afar by a swamp dragon

Levels and vault maps discovered:
D:1:      minmay_arrival_four_circles, layout_basic, hex_large,
          chequers_serial_rivers_micro_e, minmay_misc_feat_ornament,
          ashenzari_altar_1
D:2:      layout_rooms, grunt_temple_overflow_holy_war,
          overflow_temple_1_default, uniq_crazy_yiuf_cottage
D:3:      layout_rooms, first_ration, minmay_pentangle
D:4:      old_forge, layout_cave_pools, fedhas_altar_1, lemuel_doored_altar,
          temple_pool_b, grunt_dithmenos_shadows, uniq_sigmund
D:5:      minmay_angry_zag, layout_basic, uniq_grinder
D:6:      layout_basic, slow_altar_1, kiku_gazebo_garden_becter, serial_shops,
          kennysheep_mini_moat, uniq_eustachio, uniq_edmund
D:7:      layout_basic, old_standard_altar, uniq_harold, uniq_duvessa
D:8:      layout_loops_ring, grunt_qazlal_sundering, dpeg_lair_monsters,
          serial_shops, nicolae_shop_crystal, uniq_pikel, uniq_erica,
          uniq_psyche
D:9:      layout_roguey, grunt_temple_overflow_champion_of_chaos,
          hangedman_ru_absence, blue_anna_alchemist [blue_anna_fruit_fields,
          blue_anna_fruit_fields]
D:10:     layout_cave_pools, hiddenorc2_lemuel, enter_trove_2
D:11:     layout_cave_pods, minmay_mirror_moons_of_madness, uniq_urug
Lair:1:   layout_regular_city, grunt_megastairs_1, serial_bayou_shore_b
Lair:2:   layout_hall_layers, spider_nest_entry_rubble,
          grunt_forest_large_clearing_hut, uniq_sonja
Lair:3:   layout_loops_ring, lemuel_fruit_tree
Lair:4:   layout_loops_ring, swamp_mist, uniq_kirke
Lair:5:   layout_big_grid, nicolae_slime_entry_slimehenge, serial_bayou_shore_b
Lair:6:   due_jungle_book, layout_regular_city, minmay_lair_oklob_chamber
Swamp:1:  layout_basic_swamp, hangedman_swamp_diagram, swamp_pool5,
          grunt_lady_of_the_lake
Swamp:2:  layout_falls_marsh, serial_swamp_ruin, evilmike_swamp_ruin_house_4,
          hangedman_swamp_ruin_wall, evilmike_swamp_ruin_house_3, swamp_pool2
Swamp:3:  layout_basic_swamp, infiniplex_staircase_pool, uniq_jorgrun
Swamp:4:  swamp_basic_johnstein, layout_basic_swamp

Skill      XL: |  1  2  3  4  5  6  7  8  9 10 11 12 13 14 |
---------------+-------------------------------------------+-----
Spellcasting   | 13 14 15 | 15.5
Conjurations   | 2 3 4 5 6 7 8 |  8.6
Ice Magic      | 2 3 4 5 6 7 8 |  8.6
Invocations    | 1 2 3 4 5 6 7 8 9 10 | 10.6
Fighting       | 1 2 3 4 5 6 7 8 9 |  9.8
Short Blades   | 1 2 3 4 5 6 7 8 9 |  9.8
Long Blades    | 1 2 3 4 5 6 7 8 9 |  9.8
Axes           | 1 2 3 4 5 6 7 8 9 |  9.8
Maces & Flails | 1 2 3 4 5 6 7 8 9 |  9.8
Polearms       | 1 2 3 4 5 6 7 8 9 |  9.8
Staves         | 1 2 3 4 5 6 7 8 9 |  9.8
Slings         | 1 2 3 4 5 6 7 8 9 |  9.8
Bows           | 1 2 3 4 5 6 7 8 9 |  9.8
Crossbows      | 1 2 3 4 5 6 7 8 9 |  9.8
Throwing       | 1 2 3 4 5 6 7 8 9 |  9.8
Armour         | 1 2 3 4 5 6 7 8 9 |  9.8
Dodging        | 1 2 3 4 5 6 7 8 9 |  9.8
Shields        | 1 2 3 4 5 6 7 8 9 |  9.8
Unarmed Combat | 1 2 3 4 5 6 7 8 9 |  9.8
Evocations     | 1 2 3 4 5 6 7 8 9 |  9.8
Hexes          | 1 2 3 4 5 6 7 8 |  8.2
Charms         | 1 2 3 4 5 6 7 8 |  8.2
Summonings     | 1 2 3 4 5 6 7 8 |  8.2
Necromancy     | 1 2 3 4 5 6 7 8 |  8.2
Translocations | 1 2 3 4 5 6 7 8 |  8.2
Transmutations | 1 2 3 4 5 6 7 8 |  8.2
Fire Magic     | 1 2 3 4 5 6 7 8 |  8.2
Air Magic      | 1 2 3 4 5 6 7 8 |  8.2
Earth Magic    | 1 2 3 4 5 6 7 8 |  8.2
Poison Magic   | 1 2 3 4 5 6 7 8 |  8.2
Stealth        | 5 6 7 8 9 10 | 10.6

Action                   |  1- 3 |  4- 6 |  7- 9 | 10-12 | 13-15 || total
-------------------------+-------+-------+-------+-------+-------++-------
Melee: Dagger            |     4 |     4 |    12 |    24 |    16 ||    60
       Bite              |     1 |     5 |    27 |    65 |    75 ||   173
       Quarterstaff      |       |    62 |   240 |    16 |       ||   318
       Scimitar          |       |       |       |   188 |   245 ||   433
       Glaive            |       |       |       |   203 |       ||   203
       Punch             |       |       |       |     9 |       ||     9
       Dire flail        |       |       |       |    18 |       ||    18
       Unarmed           |       |       |       |     1 |       ||     1
       Great sword       |       |       |       |       |   225 ||   225
 Fire: Hand crossbow     |       |       |       |    11 |   108 ||   119
Throw: Throwing net      |       |     1 |     2 |     1 |       ||     4
 Cast: Flame Tongue      |    52 |    24 |    21 |    19 |       ||   116
       Shock             |     7 |     9 |    22 |    21 |     1 ||    60
       Mephitic Cloud    |       |     9 |     4 |    19 |     3 ||    35
       Blink             |       |       |       |    14 |    42 ||    56
       Conjure Flame     |       |       |       |    14 |     2 ||    16
       Slow              |       |       |       |    17 |    26 ||    43
       Olgreb's Toxic Ra |       |       |       |    12 |    17 ||    29
       Ignite Poison     |       |       |       |     7 |    11 ||    18
       Vampiric Draining |       |       |       |     6 |     3 ||     9
       Regeneration      |       |       |       |     1 |    30 ||    31
       Venom Bolt        |       |       |       |       |     7 ||     7
       Summon Demon      |       |       |       |       |    23 ||    23
Invok: Heroism           |       |       |     4 |     9 |     1 ||    14
       Finesse           |       |       |       |     1 |       ||     1
Evoke: Wand              |       |       |       |    17 |    11 ||    28
       Lamp of fire      |       |       |       |       |     1 ||     1
  Use: Scroll            |     1 |     1 |     7 |     7 |    10 ||    26
       Potion            |     1 |       |     4 |       |     3 ||     8
 Stab: Sleeping          |     1 |     4 |     9 |     7 |    12 ||    33
       Confused          |       |     3 |     9 |    11 |     1 ||    24
       Paralysed         |       |     1 |     3 |     1 |       ||     5
       Held in net/web   |       |       |     1 |     4 |       ||     5
       Distracted        |       |       |       |     1 |     5 ||     6
  Eat: Chunk             |       |     5 |    11 |    12 |    17 ||    45
       Ration            |       |       |       |     3 |     2 ||     5
Armor: Robe              |     9 |    18 |     1 |    48 |    40 ||   116
       Ring mail         |       |       |    60 |     1 |       ||    61
       Skin              |       |       |     3 |       |       ||     3
       Troll leather arm |       |       |       |    62 |    11 ||    73
Dodge: Dodged            |    13 |    47 |   136 |   476 |   583 ||  1255
Block: Shield            |       |       |       |    32 |   189 ||   221
       Rpst.: Scimitar   |       |       |       |    48 |    58 ||   106
       Great sword       |       |       |       |       |    80 ||    80
